 Dungeon Crawl Stone Soup version 0.27.1 (webtiles) character file.

Game seed: 17619202162244444493

63 nightchill the Chopper (level 3, -8/28 HPs)
             Began as a Demonspawn Gladiator on Aug 23, 2021.
             Killed by nerve-wracking pain
             ... invoked by an orc priest
              (14 damage)
             ... on level 2 of the Dungeon.
             The game lasted 00:02:55 (885 turns).

nightchill the Chopper (Demonspawn Gladiator)        Turns: 885, Time: 00:02:56

Health: -8/28      AC:  6    Str: 15    XL:     3   Next: 89%
Magic:  3/3        EV: 12    Int:  9    God:
Gold:   33         SH:  0    Dex: 14    Spells: 2/2 levels left

rFire    . . .     SeeInvis .   a - +0 war axe
rCold    . . .     Faith    .   (no shield)
rNeg     . . .     Spirit   .   b - +0 leather armour
rPois    .         Reflect  .   c - +0 helmet
rElec    .         Harm     .   (no cloak)
rCorr    .         Rampage  .   (no gloves)
Will     .....                  (no boots)
Stlth    +.........             (no amulet)
HPRegen  0.09/turn              (no ring)
MPRegen  0.08/turn              (no ring)

@: no status effects
A: yellow scales 1, powered by death 1
a: no special abilities


You were on level 2 of the Dungeon.
You visited 1 branch of the dungeon, and saw 2 of its levels.

You collected 33 gold pieces.

Inventory:

Hand Weapons
 a - a +0 war axe (weapon)
Missiles
 d - a throwing net (quivered)
Armour
 b - a +0 leather armour (worn)
 c - a +0 helmet (worn)
Scrolls
 e - 6 scrolls of identify {unknown}
 f - a scroll of noise {unknown}
Potions
 g - a potion of heal wounds {unknown}


   Skills:
 + Level 2.8 Fighting
 * Level 4.0 Axes
 - Level 1.7 Throwing
 - Level 2.6 Dodging


You had 2 spell levels left.
You didn't know any spells.
Your spell library was empty.

Dungeon Overview and Level Annotations

Branches:
Dungeon (2/15)

Altars:

Shops:
D:1 :=?


Innate Abilities, Weirdness & Mutations

You are partially covered in yellow scales. (AC +2)
You regenerate a little health from kills.


Message History

You closely miss the goblin. The goblin closely misses you.
The goblin hits you but does no damage.
You closely miss the goblin. The goblin hits you with a +0 dagger.
You hit the goblin.
You kill the goblin!
The orc priest barely misses you.
Your Axes skill increases to level 4!
You hit the orc priest but do no damage.
The orc priest misses you.
You barely miss the orc priest.
The orc priest hits you with a +0 flail.
You hit the orc priest but do no damage.
The orc priest hits you with a +0 flail.
You closely miss the orc priest.
The orc priest invokes the aid of Beogh against you.
Beogh smites you!
* * * LOW HITPOINT WARNING * * *
The orc priest hits you with a +0 flail.
* * * LOW HITPOINT WARNING * * *
You barely miss the orc priest. The orc priest barely misses you.
You hit the orc priest.
The orc priest is moderately wounded.
The orc priest hits you with a +0 flail.
* * * LOW HITPOINT WARNING * * *
Okay, then.
Throw: 3 throwing nets
Press: ? - help, Q - select action Shift-Dir - straight line, f - orc priest
Aim: an orc priest, wielding a +0 flail and wearing a +0 chain mail (moderately wounded, 67% to hit)
You throw a throwing net.
The throwing net barely misses the orc priest.
The orc priest closely misses you.
Throw: 2 throwing nets
Press: ? - help, Q - select action Shift-Dir - straight line, f/p - orc priest
Aim: an orc priest, wielding a +0 flail and wearing a +0 chain mail (moderately wounded, 67% to hit)
You throw a throwing net.
The throwing net barely misses the orc priest.
The orc priest calls down the wrath of Beogh upon you.
Pain shoots through your body!
Ouch! That really hurt!
You die...

##.............[......
##.....................
##.....................
#........).........#...
###...................# .
............#.........##...
###..........###........#
#.......##..###....#...
####............@o.....(....
...........###.###.##.......
#####)....## #..............
###†)....## #........#....#
...†###### #....^...#.##..
.#### #.....:....# . ##
..........## ##........##


You could see an orc priest.

Vanquished Creatures
  An adder (D:2)
  2 dart slugs
  3 orcs (D:2)
  3 bats (D:1)
  4 endoplasms
  2 giant cockroaches (D:2)
  2 goblins
  2 hobgoblins (D:1)
  8 jackals (D:1)
  5 kobolds
  A quokka (D:2)
  2 ball pythons (D:1)
  2 frilled lizards (D:1)
  5 rats
42 creatures vanquished.

Notes
Turn   | Place    | Note
-------+----------+-------------------------------------------
     0 | D:1      | nightchill the Demonspawn Gladiator began the quest for the
                  | Orb.
     0 | D:1      | Reached XP level 1. HP: 16/16 MP: 1/1
    97 | D:1      | Reached skill level 3 in Axes
   101 | D:1      | Gained mutation: You are partially covered in yellow
                  | scales. (AC +2) [demonic ancestry]
   101 | D:1      | Reached XP level 2. HP: 15/22 MP: 2/2
   267 | D:1      | Found Qisch's Jewellery Shop.
   534 | D:1      | Found Togimnea's Magic Scroll Shop.
   560 | D:1      | Gained mutation: You regenerate a little health from kills.
                  | [demonic ancestry]
   560 | D:1      | Reached XP level 3. HP: 27/28 MP: 3/3
   583 | D:1      | Found a faded altar of an unknown god.
   622 | D:1      | Found Laofuy's Book Boutique.
   878 | D:2      | Reached skill level 4 in Axes
   885 | D:2      | Killed from afar by an orc priest

Illustrated notes

Levels and vault maps discovered:
D:1:      dpeg_arrival_shrine, layout_basic,
          shapermc_ecumenical_altar_acropolis, serial_shops, shop, shop, shop
D:2:      cheibrodos_greedy_goblins, layout_rooms

Skill      XL: |  1  2  3 |
---------------+----------+-----
Axes           | 3 4 |  4.0
Fighting       | |  2.8
Throwing       | |  1.7
Dodging        | |  2.6

Action                   || total
-------------------------++-------
Melee: War axe           ||   117
Throw: Throwing net      ||     2
Armor: Leather armour    ||    56
Dodge: Dodged            ||   114
